 BcadrenCrawl: Boulder Brew version 0.05.1-3-gb0ac801aa2 (webtiles) character file.

Game seed: 14456003798946724485, levelgen mode: deterministic

20 st0uf the Unbeliever (level 2, -1/24 HPs) Immature Draconian Demonspawn. Began on May 30, 2021. Splashed by a jelly's acid (4 damage) ... on level 2 of the Dungeon. The game lasted 00:01:20 (920 turns).

st0uf the Unbeliever (Immature Draconian Demonspawn) Turns: 920, Time: 00:01:20

Health: -1/24      AC: -3    Str: 16    XL:     2 ^: 12
Magic:  4/4        EV: 12    Int: 12    God:
Gold:   53         SH:  0    Dex: 10    Spells: 3/4 levels left

rFire    . . .     Vision   .     - Unarmed
rCold    . . .     Gourm    .     - Unarmed
rNeg     . . .     Faith    .   (armour unavailable)
rPois    .         Spirit   .   (helmet restricted)
rElec    .         Reflect  .   (no cloak)
rCorr    .         Harm     .   (no gloves)
MR       .....                  (no boots)
Stlth    ++........             (no amulet)
HPRegen  0.18/turn              (no ring)
MPRegen  0.14/turn              (no ring)

@: corroded
A: deformed body 2, powered by pain 1, cold-blooded, AC +5
a: Breathe Dart


You were on level 2 of the Dungeon.
You were not hungry.

You visited 1 branch of the dungeon, and saw 2 of its levels.

You collected 53 gold pieces.

Inventory:

Scrolls
 c - a scroll of magic mapping
 d - a scroll of bless item
Potions
 a - a potion of ambrosia
Comestibles
 b - 2 rations


   Skills:
 * Level 1.8 Fighting
 + Level 2.7 Dodging
 + Level 1.5 Stealth
 + Level 1.9 Unarmed Combat
 * Level 1.7 Spellcasting
 - Level 1.5 Fire Magic
   Level 3.0 Invocations


You had 3 spell levels left.
You knew the following spells:

 Your Spells              Type           Power        Failure   Level  Hunger
a - Flame Tongue          Fire           4 (30)       16%         1    ##.....

Your spell library contained the following spells:

 Spells                   Type           Power        Failure   Level  Hunger
 Blink                    Tloc           N/A          38%         2    ###....
 Call Imp                 Summ           1 (100)      38%         2    ###....
 Slow                     Hex            1 (100)      38%         2    ###....
 Conjure Flame            Fire           4 (100)      41%         3    ####...
 Mephitic Cloud           Pois/Air       1 (100)      63%         3    ####...


Dungeon Overview and Level Annotations

Branches:
Dungeon (2/8)

Altars:


Innate Abilities, Weirdness & Mutations

Your plain brown scales are resilient. (AC +5)
You can breathe rudimentary magical darts.
You cannot wear any armour on your peculiar form.
You sometimes gain a little power by taking damage.
You are cold-blooded and are slowed more easily by cold attacks.


Message History

There is a stone staircase leading up here.
You climb upwards.
There is a stone staircase leading down here.
There is a stone staircase leading down here.
You climb downwards.
A jelly comes into view.
There is a stone staircase leading up here.
The jelly quivers.
The jelly barely misses you (0).
You hit the jelly (2).
Your hands burn (5).
You hit the jelly (2).
Your hands burn (2).
The jelly is moderately wounded. (14/18) HP The jelly hits you (1).
You are splashed with acid (12)!
Ouch! That really hurt!
* * * LOW HITPOINT WARNING * * *
Unknown command.
You hit the jelly (4). The acid corrodes you!
Your hands burn (1).
* * * LOW HITPOINT WARNING * * *
You hit the jelly (2). The acid corrodes you!
Your hands burn (4).
You die...

# #######
≈..##≈######
≈..≈≈≈.<...#≈##
.#.#≈PP@≈.....≈
#≈P..J...≈≈≈
#..PP.≈≈≈≈###
#≈...P≈≈≈≈###
##≈..bP.≈.#
#........# ##
.≈≈≈≈.#
#.≈;≈≈≈.


You could see a jelly and a neutral submerged slimehead (wandering) (passive).

Vanquished Creatures
  A giant cockroach (D:1)
  3 bats (D:1)
  A goblin (D:1)
  2 rats (D:1)
  A bush (D:1)
  A plant (D:1)
9 creatures vanquished.

Vanquished Creatures (others)
  A withered plant (D:2)
1 creature vanquished.

Grand Total: 10 creatures vanquished

Notes
Turn   | Place    | Note
-------+----------+-------------------------------------------
     0 | D:1      | st0uf the Immature Draconian Demonspawn began the quest for
                  | the Orb.
     0 | D:1      | Reached XP level 1. HP: 16/16 MP: 3/3
   648 | D:1      | Gained mutation: You sometimes gain a little power by
                  | taking damage. [demonic ancestry]
   648 | D:1      | Reached XP level 2. HP: 23/24 MP: 4/4
   872 | D:2      | Noticed a crocodile
   920 | D:2      | Splashed by a jelly's acid

Levels and vault maps discovered:
D:1:      eino_arrival_cavern_d, layout_loops_corners, serial_forest,
          infiniplex_forest_lined_2, infiniplex_forest_lined_room_2,
          infiniplex_forest_clump_diagonal, infiniplex_forest_clump_large,
          infiniplex_forest_clump_small, infiniplex_forest_straight_4,
          infiniplex_forest_clump_double, infiniplex_forest_zigzag_1,
          st_stairs_7
D:2:      layout_sewer

Action                   || total
-------------------------++-------
Melee: Unarmed           ||    25
 Stab: Sleeping          ||     1
Armor: Skin              ||     2
Dodge: Dodged            ||     4
